 Dungeon Crawl Stone Soup version 0.26.0-18-gc5c842f807 (webtiles) character file.

Game seed: 6374192959304298510

5154 kaeus the Arsonist (level 10, -3/52 HPs)
             Began as a Gargoyle Fire Elementalist on Jan 23, 2021.
             Was an Initiate of the Shining One.
             Slain by a two-headed ogre skeleton
             ... wielding a +0 great mace
             ... animated by the malice of Kikubaaqudgha
              (20 damage)
             ... on level 9 of the Dungeon.
             The game lasted 00:15:51 (14958 turns).

kaeus the Arsonist (Gargoyle Fire Elementalist)    Turns: 14958, Time: 00:15:51

Health: -3/52      AC: 15    Str: 15    XL:     10   Next: 59%
Magic:  20/20      EV: 16    Int: 19    God:    the Shining One [......]
Gold:   138        SH:  0    Dex: 10    Spells: 8/23 levels left

rFire    . . .     SeeInvis .   x - +2 morningstar (venom)
rCold    . . .     Faith    .   (no shield)
rNeg     + + .     Spirit   .   a - +0 robe
rPois    ∞         Reflect  .   C - +1 hat
rElec    +         Harm     .   f - +2 cloak
rCorr    .         Rampage  .   B - +1 pair of gloves {Str+3}
Will     .....                  (no boots)
Stlth    +.........             (no amulet)
HPRegen  0.17/turn              o - +4 ring of evasion
MPRegen  0.17/turn              r - ring of positive energy

@: glowing
A: negative energy resistance 1, electricity resistance, unbreathing,
petrification resistance, miasma immunity, AC +7
a: Renounce Religion


You were on level 9 of the Dungeon.
You worshipped the Shining One.
The Shining One was noncommittal.
You visited 2 branches of the dungeon, and saw 10 of its levels.

You collected 471 gold pieces.
You spent 333 gold pieces at shops.

Inventory:

Hand Weapons
 j - a +0 whip of venom
 n - a +1 flail of protection
 x - a +2 morningstar of venom (weapon)
 I - a +2 dagger of speed
Armour
 a - a +0 robe (worn)
 f - a +2 cloak (worn)
 B - a +1 pair of gloves of strength (worn)
 C - a +1 hat (worn)
Jewellery
 b - an uncursed ring of protection from cold
 o - a +4 ring of evasion (left hand)
 p - an uncursed ring of flight
 r - a ring of positive energy (right hand)
Wands
 w - a wand of paralysis (21)
 y - a wand of disintegration (8)
 z - a wand of acid (10)
Scrolls
 c - 2 scrolls of immolation
 d - 3 scrolls of teleportation
 k - a scroll of enchant weapon {unknown}
 m - 2 scrolls of magic mapping {unknown}
 q - a scroll of remove curse {unknown}
 s - a scroll of torment {unknown}
 u - 2 scrolls of blinking
 v - a scroll of noise {unknown}
 D - a scroll of random uselessness {unknown}
 F - a scroll of vulnerability {unknown}
 H - 2 scrolls of fog {unknown}
Potions
 e - a potion of cancellation {unknown}
 g - 2 potions of lignification
 h - a potion of invisibility {unknown}
 i - a potion of magic {unknown}
 l - 2 potions of attraction
 t - a potion of curing
 A - a potion of berserk rage {unknown}
 E - a potion of heal wounds
 G - a potion of brilliance


   Skills:
 + Level 1.0 Fighting
 + Level 0.9 Maces & Flails
 + Level 1.0 Armour
 + Level 1.8 Dodging
 - Level 2.1 Stealth
 + Level 7.1 Spellcasting
 + Level 8.3 Conjurations
 + Level 11.0 Fire Magic
 + Level 0.7 Air Magic
 + Level 0.8 Evocations


You had 8 spell levels left.
You knew the following spells:

 Your Spells              Type           Power        Failure   Level
a - Foxfire               Conj/Fire      100%         1%          1
b - Sticky Flame          Conj/Fire      43%          1%          4
c - Fireball              Conj/Fire      21%          5%          5
d - Passwall              Tmut/Erth      5%           16%         2
e - Stone Arrow           Conj/Erth      44%          5%          3

Your spell library contained the following spells:

 Spells                   Type           Power        Failure   Level
 Conjure Flame            Conj/Fire      43%          1%          3
 Inner Flame              Hex/Fire       27%          3%          3
 Dazzling Flash           Conj/Hex       44%          5%          3
 Animate Skeleton         Necr           12%          10%         1
 Corona                   Hex            6%           10%         1
 Pain                     Necr           24%          10%         1
 Sandblast                Erth           12%          10%         1
 Corpse Rot               Necr/Air       N/A          13%         2
 Ensorcelled Hibernation  Hex/Ice        12%          16%         2
 Confusing Touch          Hex            6%           30%         3
 Tukima's Dance           Hex            6%           30%         3
 Vampiric Draining        Necr           3%           30%         3
 Animate Dead             Necr           3%           69%         4
 Dispel Undead            Necr           6%           69%         4
 Petrify                  Tmut/Erth      6%           69%         4
 Agony                    Necr           6%           95%         5
 Borgnjor's Vile Clutch   Necr/Erth      3%           95%         5
 Excruciating Wounds      Necr           3%           95%         5
 Lee's Rapid Deconstruct  Erth           3%           95%         5


Dungeon Overview and Level Annotations

Branches:
Dungeon (9/15)             Temple (1/1) D:6
   Lair: D:8-11         Orc: D:9-12

Altars:
Ashenzari
Cheibriados
Dithmenos
Elyvilon
Fedhas
Gozag
Hepliaklqana
Kikubaaqudgha
Makhleb
Nemelex Xobeh
Okawaru
Ru
Sif Muna
Trog
Vehumet
Wu Jian
Xom
Yredelemnul
Zin
The Shining One

Shops:
D:7 *   D:8 }


Innate Abilities, Weirdness & Mutations

You are resistant to torment.
Your stone body is resilient. (AC +7)
You are immune to poison.
You resist negative energy. (rN+)
You are resistant to electric shocks. (rElec)
You can survive without breathing.
You are immune to petrification.
You are immune to miasma.


Message History

The two-headed ogre skeleton hits you with a +0 giant club!
You take 13 damage, and have 36/52 hp.
MASSIVE DAMAGE!!
You thump the iguana skeleton!
The iguana skeleton is heavily damaged.
The iguana skeleton closely misses you.
The two-headed ogre skeleton hits you with a +0 great mace!
The two-headed ogre skeleton hits you with a +0 giant club.
You take 17 damage, and have 19/52 hp.
MASSIVE DAMAGE!!
You puncture the iguana skeleton!
You destroy the iguana skeleton!
That felt strangely unrewarding.
You hit the two-headed ogre skeleton.
The two-headed ogre skeleton is lightly damaged.
The two-headed ogre skeleton hits you but does no damage.
The two-headed ogre skeleton hits you with a +0 giant club.
You take 3 damage, and have 16/52 hp.
You sock the two-headed ogre skeleton!
The two-headed ogre skeleton is moderately damaged.
The two-headed ogre skeleton hits you with a +0 great mace!!
You die...

#### ...# ....#
....# .....#
###.....#
#.Z...#######
#@#####^PPP^#
#.##.##°^P.^# #
##..#.#..._..#
###.#..#.P.#P.P..#
#......#####PP^.P#
#.#.#..<...#######
#......#.#
###.#### ...


You could see a two-headed ogre skeleton.

Vanquished Creatures
  3 two-headed ogres
  Grinder (D:6)
  A slime creature (D:8)
  A vampire mosquito (D:8)
  A human zombie (D:7)
  2 sky beasts
  A hornet zombie (D:5)
  An ogre (D:4)
  2 phantoms
  2 centaurs
  An elf skeleton (D:7)
  A bullfrog (D:8)
  A gnoll sergeant (D:5)
  A water moccasin skeleton (D:8)
  3 scorpions
  5 wights (D:6)
  5 killer bees (D:7)
  A troll skeleton (D:8)
  4 howler monkeys
  A bullfrog zombie (D:7)
  A centaur zombie (D:8)
  3 hounds
  2 centaur skeletons
  2 bullfrog skeletons
  3 orc priests
  Terence (D:3)
  2 iguanas (D:5)
  8 orc wizards
  4 worker ants
  2 killer bee zombies (D:7)
  A big kobold skeleton (D:9)
  5 hound skeletons
  2 worker ant zombies (D:5)
  9 gnolls
  9 adders
  A white imp (D:7)
  3 ufetubi
  A gnoll zombie (D:7)
  3 adder skeletons
  5 adder zombies
  An iguana skeleton (D:9)
  3 worms
  5 dart slugs
  7 leopard geckos
  24 orcs
  A bat skeleton (D:6)
  5 giant cockroaches
  4 goblins
  7 hobgoblins
  7 jackals
  12 kobolds
  7 quokkas
  2 ball pythons
  A ball python zombie (D:5)
  7 bats
  10 frilled lizards
  A frilled lizard skeleton (D:6)
  2 gnoll skeletons (D:7)
  A hobgoblin skeleton (D:6)
  A jackal skeleton (D:7)
  A jackal zombie (D:5)
  A leopard gecko skeleton (D:5)
  4 orc skeletons
  A quokka skeleton (D:5)
  4 quokka zombies (D:5)
  4 rats
228 creatures vanquished.

Vanquished Creatures (collateral kills)
  2 foxfires (D:5)
2 creatures vanquished.

Vanquished Creatures (others)
  673 foxfires
  2 withered plants (D:5)
675 creatures vanquished.

Grand Total: 905 creatures vanquished

Notes
Turn   | Place    | Note
-------+----------+-------------------------------------------
     0 | D:1      | kaeus the Gargoyle Fire Elementalist began the quest for
                  | the Orb.
     0 | D:1      | Reached XP level 1. HP: 10/10 MP: 3/3
   443 | D:1      | Reached XP level 2. HP: 15/15 MP: 0/5
  1054 | D:1      | Reached XP level 3. HP: 19/19 MP: 3/6
  1895 | D:2      | Reached skill level 4 in Fire Magic
  1933 | D:2      | Reached XP level 4. HP: 24/24 MP: 3/7
  2853 | D:3      | Noticed Terence
  2865 | D:3      | Killed Terence
  2866 | D:3      | Reached XP level 5. HP: 21/28 MP: 6/9
  3046 | D:3      | Found a faded altar of an unknown god.
  3514 | D:3      | Became a worshipper of Kikubaaqudgha
  3514 | D:3      | Reached * piety under Kikubaaqudgha
  3514 | D:3      | Identified Kikubaaqudgha's Tome of Sinister Secrets
                  | (Kikubaaqudgha gifted it to you on level 3 of the Dungeon)
  3514 | D:3      | Received a gift from Kikubaaqudgha
  3630 | D:4      | Noticed an ogre
  3641 | D:4      | Killed an ogre
  3642 | D:4      | Reached skill level 5 in Fire Magic
  3642 | D:4      | Reached XP level 6. HP: 15/32 MP: 6/10
  4386 | D:4      | Reached XP level 7. HP: 36/36 MP: 8/12
  4422 | D:4      | Reached skill level 6 in Fire Magic
  4737 | D:4      | Got a smoking falchion
  4738 | D:4      | Identified the +11 falchion of Offence {drain, Fragile rC++
                  | Str+3 Stlth+} (You found it on level 4 of the Dungeon)
  4787 | D:5      | Entered Level 5 of the Dungeon
  4886 | D:5      | Reached ** piety under Kikubaaqudgha
  5239 | D:5      | Reached XP level 8. HP: 41/41 MP: 6/14
  5310 | D:5      | Reached skill level 7 in Fire Magic
  5693 | D:4      | Reached skill level 5 in Conjurations
  7120 | D:6      | Noticed Grinder
  7132 | D:6      | Killed Grinder
  7133 | D:6      | Reached skill level 5 in Spellcasting
  7133 | D:6      | Reached skill level 8 in Fire Magic
  7329 | D:6      | Reached *** piety under Kikubaaqudgha
  7329 | D:6      | Identified Kikubaaqudgha's Handbook of Dark Secrets
                  | (Kikubaaqudgha gifted it to you on level 6 of the Dungeon)
  7329 | D:6      | Received a gift from Kikubaaqudgha
  7654 | D:6      | Found a staircase to the Ecumenical Temple.
  7958 | D:5      | Learned a level 4 spell: Sticky Flame
  7964 | D:5      | Learned a level 5 spell: Fireball
  8008 | D:6      | Reached XP level 9. HP: 21/45 MP: 1/17
  8179 | Temple   | Entered the Ecumenical Temple
  8319 | Temple   | Fell from the grace of Kikubaaqudgha
  8319 | Temple   | Became a worshipper of the Shining One
  8331 | D:6      | Found a basalt altar of Yredelemnul.
  8331 | D:6      | Found a sparkling altar of Nemelex Xobeh.
  8406 | D:6      | Found a shimmering altar of Xom.
  8430 | D:6      | Was placed under penance by the Shining One
  8432 | D:6      | Found a blossoming altar of Fedhas.
  8591 | D:6      | Was forgiven by the Shining One
  8899 | D:7      | Found a broken altar of Ashenzari.
  8989 | D:7      | Reached skill level 9 in Fire Magic
  9509 | D:7      | Found Zosamm's Assorted Antiques.
  9620 | D:7      | Bought a pair of runed gloves for 172 gold pieces
  9620 | D:7      | Bought a glowing hat for 161 gold pieces
  9683 | D:7      | HP: 1/45 [killer bee (3)]
 13303 | D:7      | Found a snail-covered altar of Cheibriados.
 13744 | D:8      | Noticed a two-headed ogre
 13763 | D:8      | Killed a two-headed ogre
 13764 | D:8      | Reached skill level 10 in Fire Magic
 13764 | D:8      | Reached XP level 10. HP: 33/50 MP: 5/20
 14014 | D:8      | Found Zary's Gadget Shop.
 14146 | D:8      | Noticed a two-headed ogre
 14152 | D:8      | Killed a two-headed ogre
 14157 | D:8      | Learned a level 2 spell: Passwall
 14161 | D:8      | Learned a level 3 spell: Stone Arrow
 14532 | D:8      | Found an opulent altar of Gozag.
 14674 | D:9      | Found a sacrificial altar of Ru.
 14688 | D:9      | Noticed a two-headed ogre
 14694 | D:9      | The Shining One protects you from harm!
 14696 | D:9      | Killed a two-headed ogre
 14697 | D:9      | Reached skill level 1 in Fighting
 14697 | D:9      | Reached skill level 1 in Armour
 14697 | D:9      | Reached skill level 11 in Fire Magic
 14958 | D:9      | Slain by a two-headed ogre skeleton

Illustrated notes

Levels and vault maps discovered:
D:1:      wheals_arrival_shading, layout_basic, solitary_fountain
D:2:      layout_basic
D:3:      cheibrodos_old_hovel, layout_basic, chequers_ecumenical_altar_simple,
          uniq_terence
D:4:      minmay_chambers_of_fours, layout_basic
D:5:      layout_rooms, serial_undead, serial_undead_d, serial_undead_a,
          serial_undead_c, serial_undead_f, serial_undead_c, serial_undead_e,
          serial_undead_f
D:6:      layout_basic, fedhas_ov_isle_minmay, lemuel_doored_altar,
          chequers_temple_overflow_statue_of_worship, minmay_temple_entry_wispy,
          uniq_grinder
D:7:      layout_gridville, overflow_temple_1_default,
          nicolae_overflow_hidden_temple, slow_altar_2, kennysheep_windowed_goal
D:8:      minmay_curly_fans, layout_loops_ring, basic_altar, serial_shops,
          nicolae_shop_statue_plus
D:9:      hangedman_cross_stitches, layout_loops_cross,
          nicolae_ru_the_path_less_chosen, david_orc_4
Temple:   dshaligram_water_room_temple

Skill      XL: |  1  2  3  4  5  6  7  8  9 10 |
---------------+-------------------------------+-----
Conjurations   | 2 3 4 6 7 8 |  8.3
Fire Magic     | 4 5 6 8 10 11 | 11.0
Spellcasting   | 3 4 5 6 7 |  7.1
Fighting       | 1 |  1.0
Armour         | 1 |  1.0
Maces & Flails | |  0.9
Dodging        | |  1.8
Stealth        | |  2.1
Air Magic      | |  0.7
Evocations     | |  0.8

Action                   |  1- 3 |  4- 6 |  7- 9 | 10-12 || total
-------------------------+-------+-------+-------+-------++-------
Melee: Unarmed           |     5 |       |       |       ||     5
       Club              |    84 |       |       |       ||    84
       Whip              |     3 |    41 |    29 |       ||    73
       Falchion          |       |       |    68 |       ||    68
       Morningstar       |       |       |   138 |    51 ||   189
 Cast: Foxfire           |    77 |   109 |   234 |    34 ||   454
       Fireball          |       |       |    10 |     1 ||    11
       Sticky Flame      |       |       |    13 |     2 ||    15
  Use: Potion            |       |       |     5 |       ||     5
       Scroll            |       |       |     1 |     6 ||     7
Armor: Robe              |    39 |     7 |   170 |    18 ||   234
Dodge: Dodged            |    68 |    14 |   388 |    65 ||   535
       Rpst.: Falchion   |       |       |    23 |       ||    23
